 Dungeon Crawl Stone Soup version 0.19-a0-1201-gda63bca (webtiles) character file.

5544 inmateoo the Nimble (level 11, -1/76 HPs)
             Began as a Kobold Gladiator on Aug 20, 2016.
             Was a Believer of Okawaru.
             Killed from afar by an electric eel (6 damage)
             ... with a bolt of electricity
             ... on level 11 of the Dungeon.
             The game lasted 00:10:00 (7578 turns).

inmateoo the Nimble (Kobold Gladiator)              Turns: 7578, Time: 00:10:00

Health: -1/76      AC: 15    Str: 19    XL:     11   Next: 2%
Magic:  13/13      EV: 15    Int:  6    God:    Okawaru [**....]
Gold:   354        SH:  0    Dex: 26    Spells: 0 memorised, 10 levels left

rFire  . . .     SeeInvis .     q - +6 quarterstaff of Extinguishment {drain, rC+}
rCold  + + .     Gourm    .     r - +0 plate armour "Riticex" {rC+ Dex+4} (curse)
rNeg   . . .     Faith    .     (shield currently unavailable)
rPois  .         Spirit   .     c - +0 helmet
rElec  .         Dismiss  .     (no cloak)
rCorr  .         Reflect  .     I - +0 pair of gloves
MR     +....     Harm     .     t - +0 pair of boots
Stlth  ..........               (no amulet)
                                (no ring)
                                w - +5 ring of strength

@: no status effects
A: rugged brown scales 1, agile 1, carnivore 3, magic resistance 1, robust 1
a: Heroism, Renounce Religion


You were on level 11 of the Dungeon.
You worshipped Okawaru.
Okawaru was pleased with you.
You were hungry.

You visited 2 branches of the dungeon, and saw 12 of its levels.

You collected 354 gold pieces.

Inventory:

Hand Weapons
 a - a +0 long sword
 l - a +0 dagger of electrocution
 q - the +6 quarterstaff of Extinguishment (weapon) {drain, rC+}
   (You found it on level 4 of the Dungeon)

   A truly terrible weapon, it drains the life of those it strikes.
   It protects you from cold.
Missiles
 d - 3 throwing nets (quivered)
Armour
 b - a +0 leather armour
 c - a +0 helmet (worn)
 r - the cursed +0 plate armour "Riticex" (worn) {rC+ Dex+4}
   (You found it on level 4 of the Dungeon)

   It affects your dexterity (+4).
   It protects you from cold.
   It has a curse placed upon it.
 t - a +0 pair of boots (worn)
 I - a +0 pair of gloves (worn)
Rods
 u - a +2 rod of clouds (14/14)
   (You found it on level 9 of the Dungeon)
Jewellery
 w - a +5 ring of strength (left hand)
Wands
 n - a wand of polymorph (2/24)
 y - a wand of polymorph (12/24)
 G - a wand of confusion (23/48)
 O - a wand of random effects (28/48)
Scrolls
 e - 3 scrolls of recharging
 h - a scroll of fear {unknown}
 i - 6 scrolls of teleportation
 j - a scroll of magic mapping
 k - 6 scrolls of remove curse
 m - 3 scrolls of fog
 o - 2 scrolls of amnesia
 x - a scroll of immolation
Potions
 g - a potion of resistance
 p - a potion of brilliance
 s - 8 potions of curing
 z - 2 potions of flight
 B - a potion of agility
 D - a potion of cure mutation
 F - a potion of might
 J - 4 potions of heal wounds
 L - a potion of magic
 M - a potion of cancellation {unknown}
 P - a potion of lignification
 Q - a potion of haste
Books
 C - a book of Changes

   Spells                             Type                      Level
   a - Beastly Appendage              Transmutation                1
   b - Sticks to Snakes               Transmutation                2
   c - Spider Form                    Transmutation/Poison         3
   d - Ice Form                       Ice/Transmutation            4
   e - Blade Hands                    Transmutation                5
 H - a book of Conjurations

   Spells                             Type                      Level
   a - Magic Dart                     Conjuration                  1
   b - Searing Ray                    Conjuration                  2
   c - Dazzling Spray                 Conjuration/Hexes            3
   d - Fulminant Prism                Conjuration/Hexes            4
   e - Iskenderun's Mystic Blast      Conjuration                  4
   f - Iskenderun's Battlesphere      Conjuration/Charms           5
Miscellaneous
 N - a sack of spiders
Comestibles
 f - 4 meat rations
 A - 6 beef jerkies


   Skills:
 + Level 8.2 Fighting
 * Level 9.4 Long Blades
 - Level 2.1 Throwing
 + Level 1.7 Armour
 + Level 9.7 Dodging
 + Level 2.7 Invocations
 + Level 2.9 Evocations


You had 10 spell levels left.
You didn't know any spells.

Dungeon Overview and Level Annotations

Branches:
Dungeon (11/15)            Temple (1/1) D:6            Lair (0/6) D:8
    Orc: D:9-12

Altars:
Ashenzari
Cheibriados
Dithmenos
Elyvilon
Fedhas
Gozag
Hepliaklqana
Kikubaaqudgha
Makhleb
Nemelex Xobeh
Okawaru
Qazlal
Ru
Sif Muna
Trog
Uskayaw
Vehumet
Xom
Yredelemnul
Zin
The Shining One

Shops:
D:4 *

Annotations:
D:10 Erolcha


Innate Abilities, Weirdness & Mutations

You are small and have problems with some larger weapons.
You are carnivorous and can eat meat at any time.
You are partially covered in rugged brown scales. (AC +1, +3% HP)
You are agile. (Dex +2)
You are resistant to hostile enchantments. (MR+)
You are robust. (+10% HP)


Message History

The giant frog skeleton is moderately damaged.
The giant frog skeleton closely misses you.
Something hits you!
* * * LOW HITPOINT WARNING * * *
The giant frog skeleton closely misses you.
Unknown command.
Unknown command.
Your surroundings suddenly seem different.
Splash!
You fall into the shallow water.
Moving in this stuff is going to be slow.
You hear a shout!
An electric eel comes into view.
The electric eel shoots out a bolt of lightning at you!
The bolt of electricity hits you!
* * * LOW HITPOINT WARNING * * *
An electric eel comes into view.
The electric eel shoots out a bolt of lightning at you!
The bolt of electricity hits you!
You die...

....
....##########.
....≈≈≈≈≈≈≈≈≈≈≈
#≈≈.≈≈≈≈≈≈≈;;≈;
#≈≈.≈≈≈≈;≈≈≈≈≈≈
..≈.≈≈≈≈≈≈≈≈≈≈≈
..≈.≈E.....≈≈≈≈
..≈.≈≈.@≈≈.≈≈≈≈
#≈≈.≈≈.≈≈≈.≈≈≈≈
#≈≈.≈≈.≈≈≈.≈≈≈≈
..≈.<.>≈≈≈.≈≈≈≈
#.≈≈≈≈≈≈≈≈.;≈≈≈
#.≈≈≈......≈≈≈≈
#.≈≈≈.≈≈≈≈≈≈≈≈≈
#.≈≈≈.;≈≈≈≈≈≈≈≈


You could see a water elemental and 6 electric eels.

Vanquished Creatures
  An unseen horror (D:10)
  Pikel (D:7)
  A komodo dragon (D:10)
  Prince Ribbit (D:5)
  A water moccasin (D:9)
  An ice beast (D:7)
  An orc warrior (D:9)
  3 black bears
  2 sky beasts
  A slave (D:7)
  3 ogres
  3 phantoms
  5 centaurs
  A crocodile (D:9)
  3 big kobolds (D:9)
  4 giant frogs
  A gnoll sergeant (D:9)
  A wyvern skeleton (D:9)
  2 scorpions
  3 wights (D:7)
  6 howler monkeys
  4 crimson imps
  2 centaur zombies
  2 jellies
  2 hounds
  4 orc priests
  A gnoll shaman (D:8)
  2 iguanas
  12 orc wizards
  Natasha (thrice) (D:3)
  6 worker ants
  A hound zombie (D:9)
  2 hound skeletons
  A worker ant zombie (D:9)
  10 gnolls
  10 adders
  A shadow imp (D:5)
  2 adder zombies
  2 adder skeletons (D:7)
  A worm (D:4)
  2 dart slugs
  The ghost of herpmino the Charlatan, a weakling FeAr (D:6)
  4 giant geckos
  19 orcs
  2 ball pythons (D:2)
  4 giant cockroaches
  6 goblins
  8 hobgoblins
  6 jackals
  A quokka (D:3)
  7 bats
  3 giant newts
  18 kobolds
  5 rats
199 creatures vanquished.

Notes
Turn   | Place    | Note
-------+----------+-------------------------------------------
     0 | D:1      | inmateoo the Kobold Gladiator began the quest for the Orb.
     0 | D:1      | Reached XP level 1. HP: 12/12 MP: 1/1
   272 | D:1      | Reached XP level 2. HP: 18/18 MP: 2/2
   855 | D:2      | Reached XP level 3. HP: 20/22 MP: 3/3
  1102 | D:2      | Reached XP level 4. HP: 18/27 MP: 4/4
  1264 | D:3      | Noticed Natasha
  1275 | D:3      | Killed Natasha
  1427 | D:3      | Reached XP level 5. HP: 32/32 MP: 5/5
  1673 | D:3      | Noticed Natasha
  1677 | D:3      | Killed Natasha
  1925 | D:3      | Noticed Natasha
  1930 | D:3      | Killed Natasha
  1993 | D:4      | Noticed an ogre
  2005 | D:4      | Killed an ogre
  2005 | D:4      | Reached XP level 6. HP: 37/38 MP: 6/6
  2036 | D:4      | Found Zoidaryzxe's Assorted Antiques.
  2049 | D:4      | Got a steaming quarterstaff
  2060 | D:4      | Identified the +6 quarterstaff of Extinguishment {drain, rC+} (You found it on level 4 of the Dungeon)
  2125 | D:4      | Got a brightly glowing plate armour
  2136 | D:4      | Identified the cursed +0 plate armour "Riticex" {rC+ Dex+4} (You found it on level 4 of the Dungeon)
  2254 | D:4      | Reached skill level 5 in Dodging
  2359 | D:4      | Noticed a phantom
  2378 | D:4      | Killed a phantom
  2378 | D:4      | Reached XP level 7. HP: 38/43 MP: 7/7
  2570 | D:5      | Entered Level 5 of the Dungeon
  2701 | D:5      | Reached skill level 5 in Long Blades
  2856 | D:5      | Noticed Prince Ribbit
  3097 | D:5      | Killed Prince Ribbit
  3097 | D:5      | Reached skill level 5 in Fighting
  3097 | D:5      | Reached XP level 8. HP: 17/49 MP: 8/8
  3824 | D:6      | Noticed herpmino's ghost (weakling FeAr)
  4013 | D:6      | Noticed Pikel
  4310 | D:7      | Reached XP level 9. HP: 46/55 MP: 9/9
  4902 | D:7      | You fall through a shaft!
  4970 | D:8      | Found a staircase to the Lair.
  5005 | D:8      | Found a burning altar of Makhleb.
  5625 | D:7      | Killed Pikel
  5657 | D:6      | Reached XP level 10. HP: 51/63 MP: 10/10
  5782 | D:6      | Found a staircase to the Ecumenical Temple.
  5798 | D:6      | Killed herpmino's ghost
  5804 | Temple   | Entered the Ecumenical Temple
  5845 | Temple   | Became a worshipper of Warmaster Okawaru
  6172 | D:6      | Gained mutation: You are partially covered in rugged brown scales. (AC +1, +3% HP) [mutagenic meat]
  6175 | D:6      | Gained mutation: You are agile. (Dex +2) [mutagenic meat]
  6178 | D:6      | Gained mutation: You are robust. (+10% HP) [mutagenic meat]
  6181 | D:6      | Gained mutation: You are resistant to hostile enchantments. (MR+) [mutagenic meat]
  6341 | D:9      | Found an ancient bone altar of Kikubaaqudgha.
  6387 | D:9      | Identified a +1 rod of clouds (12/12) (You found it on level 9 of the Dungeon)
  6485 | D:9      | Reached skill level 1 in Evocations
  6499 | D:9      | Reached * piety under Okawaru
  6499 | D:9      | Reached skill level 1 in Invocations
  6568 | D:9      | Reached skill level 1 in Armour
  6984 | D:10     | Entered Level 10 of the Dungeon
  7213 | D:10     | Noticed a komodo dragon
  7222 | D:10     | Killed a komodo dragon
  7481 | D:10     | Killed an unseen horror
  7481 | D:10     | Reached ** piety under Okawaru
  7481 | D:10     | Reached XP level 11. HP: 60/76 MP: 11/13
  7558 | D:10     | Noticed Erolcha
  7578 | D:11     | Killed from afar by an electric eel

Vault maps used:
D:1:      lemuel_arrival_room
D:2:      dk_vineyard_2
D:3:      uniq_natasha
D:4:      serial_shops, nicolae_shop_behind_doors
D:5:      first_bread, uniq_prince_ribbit1
D:6:      kennysheep_generic_room_15, uniq_pikel
D:8:      lair_0_dummy, basic_altar
D:9:      basic_altar
D:10:     hiddenorc1_lemuel, grunt_pizzeria, uniq_erolcha
D:11:     kennysheep_six_static_rooms, nicolae_trove_entry_crystal, uniq_fannar
Temple:   kilobyte_greek_temple

Skill      XL: |  1  2  3  4  5  6  7  8  9 10 |
---------------+-------------------------------+-----
Long Blades    | 3 4 5 6 8 9 |  9.4
Dodging        | 4 5 6 7 8 9 |  9.7
Fighting       | 3 4 5 7 8 |  8.2
Evocations     | 2 |  2.9
Invocations    | 2 |  2.7
Armour         | 1 |  1.7
Throwing       | |  2.1

Action                   |  1- 3 |  4- 6 |  7- 9 | 10-12 || total
-------------------------+-------+-------+-------+-------++-------
Melee: Long sword        |    58 |       |       |       ||    58
       Dagger            |    22 |    90 |     8 |       ||   120
       Quarterstaff      |       |    23 |   209 |   239 ||   471
Evoke: Wand              |       |       |     2 |       ||     2
       Sack of spiders   |       |       |       |     3 ||     3
  Use: Scroll            |       |     3 |     6 |    12 ||    21
       Potion            |       |       |     3 |     1 ||     4
 Stab: Sleeping          |     2 |       |       |       ||     2
  Eat: Chunk             |     1 |     4 |    11 |    10 ||    26
Armor: Leather armour    |    11 |     6 |       |       ||    17
       Plate armour      |       |    11 |   169 |   141 ||   321
Dodge: Dodged            |    55 |    70 |   157 |   200 ||   482
